 Seeded DCSS version 0.30.1-9-gdf580d7c3d (webtiles) character file.

Game seed: 7547814903460644772 (custom seed)

27 Psyclone the Stinger (level 3, 0/21 HPs)
             Began as an Octopode Venom Mage on Sept 27, 2023.
             Slain by a goblin
             ... wielding a +0 club
              (1 damage)
             ... on level 2 of the Dungeon.
             The game lasted 00:02:36 (991 turns).

Psyclone the Stinger (Octopode Venom Mage)           Turns: 991, Time: 00:02:37

Health: 0/21       AC:  1    Str:  7    XL:     3   Next: 10%
Magic:  6/6        EV: 13    Int: 19    God:
Gold:   30         SH:  0    Dex: 12    Spells: 3/6 levels left

rFire   . . .        e - +4 dagger
rCold   . . .        (no shield)
rNeg    . . .        (helmet restricted)
rPois   .            (no amulet)
rElec   .            (no ring)
rCorr   .            (no ring)
SInv    .            (no ring)
Will    .....        (no ring)
Stlth   +++          (no ring)
HPRegen 0.23/turn    (no ring)
MPRegen 0.10/turn    (no ring)
                     (no ring)

%: no passive effects
@: no status effects
A: almost no armour, amphibious, 8 rings, camouflage 1, gelatinous body 1,
(nimble swimmer 1), tentacles
a: no special abilities


You were on level 2 of the Dungeon.
You visited 1 branch of the dungeon, and saw 2 of its levels.

You collected 30 gold pieces.

Inventory:

Hand Weapons
 e - a +4 dagger (weapon)
Scrolls
 b - a scroll of identify {unknown}
 f - a scroll of magic mapping {unknown}
 i - a scroll of enchant weapon {unknown}
Potions
 a - a potion of magic
 c - a potion of haste {unknown}
 d - a potion of cancellation {unknown}
 g - 2 potions of experience {unknown}
 h - a potion of might {unknown}


   Skills:
 - Level 2.0 Dodging
 - Level 2.6 Stealth
 - Level 2.0 Spellcasting
 - Level 1.0 Transmutations
 + Level 5.1 Poison Magic


You had 3 spell levels left.
You knew the following spells:

 Your Spells              Type           Power      Damage    Failure   Level
a - Poisonous Vapours     Pois/Air       22%        N/A       9%          2
v - Sting                 Tmut/Pois      52%        1d5       4%          1

Your spell library contained the following spells:

 Spells                   Type           Power      Damage    Failure   Level
 Mephitic Cloud           Conj/Pois/Air  8%         N/A       26%         3
 Olgreb's Toxic Radiance  Pois           21%        N/A       21%         4


Dungeon Overview and Level Annotations

Branches:
Dungeon (2/15) Zot: 11008

Altars:


Innate Abilities, Weirdness & Mutations

You cannot wear most types of armour.
You are amphibious.
You can wear up to eight rings at the same time.
Your skin changes colour to match your surroundings (Stealth+).
Your rubbery body absorbs attacks. (AC +1, EV +1)
((You are camouflaged when in or above water. (Stealth+)))
You have tentacles for arms and can constrict up to eight enemies at once.


Message History

You puncture the goblin!
You kill the goblin!
You see here a +0 dagger.
i - a scroll labelled XOESETONAGH Done exploring.
There is a faded altar of an unknown god here.
(D) Dungeon
Where to? (? - help)
There is a stone staircase leading down here.
You climb downwards.
There is a stone staircase leading up here.
There are monsters nearby!
The helpless adder fails to defend itself.
You hit the adder. You grab the adder.
The adder is severely wounded.
You constrict the adder. The adder misses you.
You hit the adder.
You kill the adder!
The worm bites you!
Ouch! That really hurt!
The goblin hits you with a +0 club.
Your Poison Magic skill increases to level 5!
You have reached level 3!
Your experience leads to an increase in your attributes!
Increase (S)trength, (I)ntelligence, or (D)exterity?
You feel clever. x2
You take 8 damage, and have 9/21 hp.
MASSIVE DAMAGE!!
MP restored: 6 The goblin hits you with a +0 club.
* * * LOW HITPOINT WARNING * * *
You take 4 damage, and have 5/21 hp.
Found 2 gold pieces.
The goblin attacks as you move away! The goblin misses you.
The goblin attacks as you move away! The goblin hits you but does no damage.
The goblin attacks as you move away! The goblin hits you with a +0 club.
* * * LOW HITPOINT WARNING * * *
You take 5 damage, and have 1/21 hp.
MASSIVE DAMAGE!!
You closely miss the goblin. You grab the goblin. You constrict the goblin.
The goblin hits you with a +0 club.
You die...

#.# #.# #.# #.#
#.# #.# # #
####.##.####.#.###
....$..@g..#...g..
.####.#...........
# ####w#.....
#.####.#.#.##.
#.....<.......
............###
#######.#.###
#.#.# #.#.#


You could see a worm and a goblin.

Vanquished Creatures
  An adder (D:2)
  A ball python (D:1)
  3 bats (D:1)
  An endoplasm (D:1)
  3 hobgoblins (D:1)
  A frilled lizard (D:1)
  3 goblins (D:1)
  2 kobolds (D:1)
  2 rats (D:1)
17 creatures vanquished.

Notes
Turn   | Place    | Note
-------+----------+-------------------------------------------
     0 | D:1      | Psyclone the Octopode Venom Mage began the quest for the
                  | Orb.
     0 | D:1      | Reached XP level 1. HP: 11/11 MP: 3/3
    72 | D:1      | Found a faded altar of an unknown god.
   162 | D:1      | Reached skill level 4 in Poison Magic
   239 | D:1      | Reached XP level 2. HP: 17/17 MP: 1/5
   542 | D:1      | Learned a level 2 spell: Poisonous Vapours
   986 | D:2      | Reached skill level 5 in Poison Magic
   986 | D:2      | Reached XP level 3. HP: 9/21 MP: 6/6
   990 | D:2      | HP: 1/21 [goblin/+0 club (5)]
   991 | D:2      | Slain by a goblin

Illustrated notes

Levels and vault maps discovered:
D:1:      lordsloth_arrival_two_stooges, layout_basic,
          chequers_ecumenical_altar_simple
D:2:      layout_loops_ring, uniq_jessica

Skill      XL: |  1  2 |
---------------+-------+-----
Poison Magic   | 4 5 |  5.1
Dodging        | |  2.0
Stealth        | |  2.6
Spellcasting   | |  2.0
Transmutations | |  1.0

Action                     || total
---------------------------++-------
  Melee: Unarmed           ||     6
         Tentacles         ||     4
         Dagger            ||    12
         Constrict         ||     3
   Cast: Sting             ||    16
   Stab: Sleeping          ||     3
 Armour: Skin              ||     8
  Dodge: Dodged            ||    15
